cohdb
Replays
Latest Replays
All Replays
Popular Replays
Top Player Replays
Match Explorer
How It Works
Community
CoH3 Stats
Reddit
Sign in to upload your games and track your stats! →
Sign in with Steam
Match 39713512
Unlisted
Match 39713512
Overview
Messages
Build Orders
End
Royal Engineer Section
Selects Canadian Shock Battlegroup
Royal Engineer Section
Vickers Machine Gun Team
Construct Section Command Post
ML 3-inch Mortar Team
Selects Attacking Spirit
Selects Canadian Shock Section
Canadian Shock Section
Construct Platoon Command Post
CMP 15cwt Truck
Selects Incendiary Munitions
Infantry Training
Royal Engineer Section
6-pounder Anti-tank Gun Team
Selects Pyrotechnics
Construct Company Command Post
Crusader II Medium Tank
Selects Demolition Engineering
Foot Guards Section
Selects Point Assault
Unlock M3 Grant Medium Tanks
M3 Grant Medium Tank
$Zwaridel$
意如亦戊
Eredar
strike your finger
insane
✠-Ober-✠
Phoenix
海绵宝宝伯约
0
0
Comments
sign in to comment!
No comments posted yet!